 Dungeon Crawl Stone Soup version 0.27-a0-59-gfbafd837a3 (webtiles) character file.

Game seed: 17976770141149326571

105 pistachioham the Vexing (level 4, -3/34 HPs)
             Began as a Gnoll Arcane Marksman on Jan 7, 2021.
             Shot with an arrow by a centaur (15 damage)
             ... on level 2 of the Dungeon on Jan 8, 2021.
             The game lasted 00:15:36 (2877 turns).

pistachioham the Vexing (Gnoll Arcane Marksman)     Turns: 2877, Time: 00:15:38

Health: -3/34      AC:  2    Str: 12    XL:     4   Next: 81%
Magic:  6/8        EV: 15    Int: 16    God:
Gold:   16         SH:  0    Dex: 16    Spells: 3/9 levels left

rFire    . . .     SeeInvis .   a - +0 hand crossbow
rCold    . . .     Faith    .   (no shield)
rNeg     . . .     Spirit   .   e - +0 robe
rPois    .         Reflect  .   (no helmet)
rElec    .         Harm     .   (no cloak)
rCorr    .         Rampage  .   (no gloves)
Will     .....                  (no boots)
Stlth    ++........             (no amulet)
HPRegen  0.11/turn              (no ring)
MPRegen  0.11/turn              (no ring)

@: no status effects
A: distributed training, fangs 1, strong nose
a: no special abilities


You were on level 2 of the Dungeon.
You visited 1 branch of the dungeon, and saw 2 of its levels.

You collected 16 gold pieces.

Inventory:

Hand Weapons
 a - a +0 hand crossbow (weapon)
 b - a +0 dagger
Missiles
 d - 9 bolts (quivered ammo)
Armour
 e - a +0 robe (worn)
Jewellery
 g - an uncursed amulet of regeneration {unknown}
 n - an uncursed ring of poison resistance {unknown}
Scrolls
 f - 2 scrolls of remove curse {unknown}
 i - a scroll of identify {unknown}
 k - a scroll of fog {unknown}
Potions
 c - 2 potions of lignification {unknown}
 h - a potion of curing {unknown}
 j - a potion of brilliance {unknown}
 l - 2 potions of heal wounds {unknown}
 m - 2 potions of berserk rage {unknown}


   Skills:
 + Level 2.8 Fighting
 + Level 1.2 Short Blades
 + Level 1.2 Long Blades
 + Level 1.2 Axes
 + Level 1.2 Maces & Flails
 + Level 1.2 Polearms
 + Level 1.2 Staves
 + Level 1.2 Slings
 + Level 1.2 Bows
 + Level 4.7 Crossbows
 + Level 1.2 Throwing
 + Level 1.2 Armour
 + Level 4.7 Dodging
 + Level 1.2 Stealth
 + Level 1.2 Shields
 + Level 1.2 Unarmed Combat
 + Level 3.0 Spellcasting
 + Level 1.0 Conjurations
 + Level 5.5 Hexes
 + Level 1.0 Summonings
 + Level 1.0 Necromancy
 + Level 1.0 Translocations
 + Level 1.0 Transmutations
 + Level 1.0 Fire Magic
 + Level 1.0 Ice Magic
 + Level 1.0 Air Magic
 + Level 1.0 Earth Magic
 + Level 1.0 Poison Magic
 + Level 1.4 Invocations
 + Level 1.2 Evocations


You had 3 spell levels left.
You knew the following spells:

 Your Spells              Type           Power        Failure   Level
a - Corona                Hex            22%          1%          1
b - Slow                  Hex            20%          3%          2
c - Portal Projectile     Hex/Tloc       24%          14%         3

Your spell library contained the following spells:

 Spells                   Type           Power        Failure   Level
 Inner Flame              Hex/Fire       12%          14%         3
 Cause Fear               Hex            10%          19%         4
 Leda's Liquefaction      Hex/Erth       6%           43%         4


Dungeon Overview and Level Annotations

Branches:
Dungeon (2/15)

Altars:


Innate Abilities, Weirdness & Mutations

Your experience applies equally to all skills.
You have very sharp teeth.
Your uncanny sense of smell can sniff out nearby items.


Message History

Fire: 12 bolts
Press: ? - help, Q - select action, (/) - cycle Shift-Dir - straight line, f/p - centaur
Aim: a centaur, wielding a -3 shortbow and quivering 9 arrows (softly glowing)
You shoot a bolt. The bolt completely misses the centaur.
The centaur shoots an arrow.
The arrow completely misses you.
The centaur shoots an arrow.
The arrow completely misses you.
Fire: 11 bolts
Press: ? - help, Q - select action, (/) - cycle Shift-Dir - straight line, f/p - centaur
Aim: a centaur, wielding a -3 shortbow and quivering 7 arrows (softly glowing)
You shoot a bolt.
The bolt hits the centaur but does no damage.
The centaur shoots an arrow.
The arrow hits you!
The centaur shoots an arrow.
The arrow hits you!
Fire: 10 bolts
Press: ? - help, Q - select action, (/) - cycle Shift-Dir - straight line, f/p - centaur
Aim: a centaur, wielding a -3 shortbow and quivering 5 arrows (softly glowing)
You shoot a bolt. The bolt hits the centaur.
The centaur is lightly wounded.
The centaur shoots an arrow.
The arrow hits you!
You die...

#...## ##................#)#####
.....####..#)............##......
..##.#....##......#..#...........
..##...##...........!............
#.#.......##..##..#....##.......<
#....#.#####.###.....#.#####..###
#...##..####.# #...#.#.# ##...รท
#.#.###..#...###.....#.# #....
.....###.......(@....#.# #....
...#.......####....#.#.# #....
#.###..................# #.....
.................###c((..###.#...
.#..###..........# #..#.........
.................####...?.#.)....
#.#.......(............. ..##...
...................##..#### #....
.#........<..............> ..###


You could see a centaur (corona).

Vanquished Creatures
  Robin (D:2)
  2 adders
  3 worms (D:2)
  A dart slug (D:2)
  5 bats
  15 goblins
  16 hobgoblins
  2 jackals (D:1)
  4 frilled lizards
  5 kobolds
  5 rats
59 creatures vanquished.

Vanquished Creatures (others)
  3 plants (D:1)
3 creatures vanquished.

Grand Total: 62 creatures vanquished

Notes
Turn   | Place    | Note
-------+----------+-------------------------------------------
     0 | D:1      | pistachioham the Gnoll Arcane Marksman began the quest for
                  | the Orb.
     0 | D:1      | Reached XP level 1. HP: 17/17 MP: 4/4
     0 | D:1      | Upgraded the game from 0.27-a0-54-g64bdb92e38 to
                  | 0.27-a0-59-gfbafd837a3
   253 | D:1      | Reached XP level 2. HP: 19/23 MP: 1/5
  1231 | D:1      | Reached XP level 3. HP: 28/28 MP: 7/7
  1715 | D:2      | Reached skill level 1 in Invocations
  1722 | D:2      | Noticed a centaur
  2034 | D:2      | Reached skill level 1 in Short Blades
  2034 | D:2      | Reached skill level 1 in Long Blades
  2034 | D:2      | Reached skill level 1 in Axes
  2034 | D:2      | Reached skill level 1 in Maces & Flails
  2034 | D:2      | Reached skill level 1 in Polearms
  2034 | D:2      | Reached skill level 1 in Staves
  2034 | D:2      | Reached skill level 1 in Slings
  2034 | D:2      | Reached skill level 1 in Bows
  2034 | D:2      | Reached skill level 1 in Throwing
  2034 | D:2      | Reached skill level 1 in Armour
  2034 | D:2      | Reached skill level 1 in Stealth
  2034 | D:2      | Reached skill level 1 in Shields
  2034 | D:2      | Reached skill level 1 in Unarmed Combat
  2034 | D:2      | Reached skill level 1 in Evocations
  2228 | D:2      | Learned a level 2 spell: Slow
  2232 | D:2      | Learned a level 3 spell: Portal Projectile
  2243 | D:2      | Reached XP level 4. HP: 34/34 MP: 6/8
  2411 | D:2      | Noticed Robin
  2468 | D:2      | Killed Robin
  2469 | D:2      | Reached skill level 1 in Conjurations
  2469 | D:2      | Reached skill level 1 in Summonings
  2469 | D:2      | Reached skill level 1 in Necromancy
  2469 | D:2      | Reached skill level 1 in Translocations
  2469 | D:2      | Reached skill level 1 in Transmutations
  2469 | D:2      | Reached skill level 1 in Fire Magic
  2469 | D:2      | Reached skill level 1 in Ice Magic
  2469 | D:2      | Reached skill level 1 in Air Magic
  2469 | D:2      | Reached skill level 1 in Earth Magic
  2469 | D:2      | Reached skill level 1 in Poison Magic
  2877 | D:2      | Shot with an arrow by a centaur

Illustrated notes

Levels and vault maps discovered:
D:1:      minmay_arrival_jagged, layout_basic, serial_bayou_pond_a,
          minmay_close_crescents
D:2:      layout_rooms, chequers_hall_statues_y, hex_medium, uniq_robin

Skill      XL: |  1  2  3  4 |
---------------+-------------+-----
Invocations    | 1 |  1.4
Short Blades   | 1 |  1.2
Long Blades    | 1 |  1.2
Axes           | 1 |  1.2
Maces & Flails | 1 |  1.2
Polearms       | 1 |  1.2
Staves         | 1 |  1.2
Slings         | 1 |  1.2
Bows           | 1 |  1.2
Throwing       | 1 |  1.2
Armour         | 1 |  1.2
Stealth        | 1 |  1.2
Shields        | 1 |  1.2
Unarmed Combat | 1 |  1.2
Evocations     | 1 |  1.2
Spellcasting   | 3 |  3.0
Conjurations   | 1 |  1.0
Summonings     | 1 |  1.0
Necromancy     | 1 |  1.0
Translocations | 1 |  1.0
Transmutations | 1 |  1.0
Fire Magic     | 1 |  1.0
Ice Magic      | 1 |  1.0
Air Magic      | 1 |  1.0
Earth Magic    | 1 |  1.0
Poison Magic   | 1 |  1.0
Fighting       | |  2.8
Crossbows      | |  4.7
Dodging        | |  4.7
Hexes          | |  5.5

Action                   |  1- 3 |  4- 6 || total
-------------------------+-------+-------++-------
Melee: Unarmed           |    44 |       ||    44
       Bite              |    22 |     7 ||    29
       Dagger            |    99 |    70 ||   169
       Punch             |       |     1 ||     1
 Fire: Hand crossbow     |    40 |    26 ||    66
 Cast: Corona            |    48 |    19 ||    67
       Slow              |       |     2 ||     2
 Stab: Sleeping          |     1 |     2 ||     3
Armor: Robe              |    33 |    15 ||    48
Dodge: Dodged            |   147 |    56 ||   203

Table legend: (Time is in decaauts)
 A = Elapsed time spent in this place.
 B = Non-inter-level travel time spent in this place.
 C = Inter-level travel time spent in this place.
 D = Time resting spent in this place.
 E = Time spent auto-exploring this place.
 F = Levels seen in this place.
 G = Mean time per level.
                   A        B        C        D        E       F      G
               +--------+--------+--------+--------+--------+-----+--------+
         Total |   2881 |   2806 |     75 |   1297 |    124 |   2 | 1440.5 |
       Dungeon |   2881 |   2806 |     75 |   1297 |    124 |   2 | 1440.5 |
               +--------+--------+--------+--------+--------+-----+--------+

Top non-repeatable levels by time:
     D:1: 1694 daAuts
     D:2: 1186 daAuts
